 Dungeon Crawl Stone Soup version 0.28-a0-732-g75e6d9beac (webtiles) character file.

Game seed: 16866269562371127331

403 Ijustatesigmund the Covert (level 6, -2/53 HPs)
             Began as a Gnoll Delver on Oct 29, 2021.
             Slain by an orc wizard (4 damage)
             ... on level 4 of the Dungeon.
             The game lasted 00:08:27 (4505 turns).

Ijustatesigmund the Covert (Gnoll Delver)           Turns: 4505, Time: 00:08:27

Health: -2/53      AC: 11    Str: 12    XL:     6   Next: 86%
Magic:  9/9        EV: 10    Int: 11    God:
Gold:   141        SH:  5    Dex: 13    Spells: 9/9 levels left

rFire   . . .      SeeInvis .   a - +0 war axe
rCold   . . .      Faith    .   p - +1 buckler {AC+3}
rNeg    + . .      Spirit   .   b - +0 scale mail
rPois   .          Reflect  .   (no helmet)
rElec   .          Harm     .   (no cloak)
rCorr   .          Rampage  .   (no gloves)
Will    .....                   q - +1 pair of boots
Stlth   +++.......              (no amulet)
HPRegen 0.17/turn               e - ring of positive energy
MPRegen 0.11/turn               (no ring)

@: on berserk cooldown, hasted and slowed, unable to read
A: fangs 1, strong nose, distributed training, inability to read while
threatened
a: no special abilities


You were on level 4 of the Dungeon.
You visited 1 branch of the dungeon, and saw 5 of its levels.

You collected 141 gold pieces.

Inventory:

Hand Weapons
 a - a +0 war axe (weapon)
 j - a +0 hand crossbow
Armour
 b - a +0 scale mail (worn)
 p - a +1 buckler of protection (worn)
 q - a +1 pair of boots (worn)
Jewellery
 e - a ring of positive energy (left hand)
Wands
 g - a wand of digging (1)
Scrolls
 c - a scroll of fog
 d - a scroll of magic mapping
 n - 2 scrolls of teleportation
Potions
 h - a potion of attraction {unknown}
 i - a potion of haste
 o - a potion of might {unknown}


   Skills:
 + Level 6.9 Fighting
 + Level 2.1 Short Blades
 + Level 2.1 Long Blades
 + Level 5.0 Axes
 + Level 2.1 Maces & Flails
 + Level 2.1 Polearms
 + Level 2.1 Staves
 + Level 2.1 Slings
 + Level 2.1 Bows
 + Level 2.1 Crossbows
 + Level 2.1 Throwing
 + Level 2.1 Armour
 + Level 5.0 Dodging
 + Level 9.8 Stealth
 + Level 2.1 Shields
 + Level 2.1 Unarmed Combat
 + Level 2.1 Spellcasting
 + Level 1.7 Conjurations
 + Level 1.7 Hexes
 + Level 1.7 Summonings
 + Level 1.7 Necromancy
 + Level 1.7 Translocations
 + Level 1.7 Transmutations
 + Level 1.7 Fire Magic
 + Level 1.7 Ice Magic
 + Level 1.7 Air Magic
 + Level 1.7 Earth Magic
 + Level 1.7 Poison Magic
 + Level 2.3 Invocations
 + Level 2.1 Evocations


You had 9 spell levels left.
You didn't know any spells.
Your spell library contained the following spells:

 Spells                   Type           Power      Damage    Failure   Level
 Call Canine Familiar     Summ           4%         N/A       95%         3
 Portal Projectile        Hex/Tloc       8%         N/A       95%         3
 Leda's Liquefaction      Hex/Erth       2%         N/A       100%        4


Dungeon Overview and Level Annotations

Branches:
Dungeon (5/15)             Temple (0/1) D:4

Altars:


Innate Abilities, Weirdness & Mutations

You have very sharp teeth.
Your uncanny sense of smell can sniff out nearby items.
Your experience applies equally to all skills.
You sometimes lose the ability to read scrolls when taking damage.


Message History

The orc wizard hits you but does no damage.
You can read scrolls again.
The orc priest calls upon Beogh to heal the orc wizard.
The orc wizard is healed somewhat.
You bump into the rock wall.
You bump into the rock wall.
The orc priest invokes the aid of Beogh against you.
Beogh smites you!
You feel threatened and lose the ability to read scrolls!
The orc wizard casts a spell at you. You resist with some effort.
You're too confused to move!
The orc wizard hits you but does no damage.
You closely miss the orc wizard.
The orc wizard is heavily wounded.
You feel less confused.
The orc wizard hits you but does no damage.
You slash the orc wizard!
The orc wizard is almost dead.
You hit something.
You can read scrolls again.
The orc wizard gestures wildly while chanting.
The orc wizard flickers and vanishes!
You feel as though your hastened speed will last longer.
Something hits you but does no damage. x2
You barely miss something. You hit something but do no damage.
You closely miss the orc. The orc misses you.
You hear some strange, mumbled words.
A puff of flame appears from out of thin air!
The puff of flame misses you. Something completely misses you.
You miss something. x2; You hit the orc but do no damage.
The orc closely misses you. You block something's attack.
You hear some strange, mumbled words.
Something tries to affect you, but you resist.
The orc priest calls down the wrath of Beogh upon you.
Beogh smites you!
You feel threatened and lose the ability to read scrolls!
* * * LOW HITPOINT WARNING * * *
The orc barely misses you. Something hits you.
You die...

####### ###....)####
###..........### ######
#..............# #......
#..............# .......
#..............# .......
#..............## .......
#...............## .......
###............@.###.......
###..........{oo.........
###.........###).......
##.##......# ###......
#.######...# ...... ##.#
##### ..... ##..### ....#
##.....### .###
###........### ##


You could see an orc priest and an orc.

Vanquished Creatures
  A black bear (D:4)
  A scorpion (D:4)
  An orc priest (D:4)
  A hound (D:4)
  A howler monkey zombie (D:4)
  4 gnolls (D:4)
  5 adders
  3 worms
  4 dart slugs
  An orc (D:3)
  5 ball pythons
  9 endoplasms
  A giant cockroach (D:1)
  5 hobgoblins
  8 jackals
  4 quokkas
  6 bats
  6 frilled lizards
  3 goblins
  10 kobolds
  4 rats
83 creatures vanquished.

Notes
Turn   | Place    | Note
-------+----------+-------------------------------------------
     0 | D:5      | Reached skill level 9 in Stealth
     0 | D:5      | Ijustatesigmund the Gnoll Delver began the quest for the
                  | Orb.
     0 | D:5      | Reached XP level 1. HP: 23/23 MP: 1/1
    39 | D:5      | Noticed a hound
    46 | D:4      | Noticed a hound
   122 | D:4      | Reached XP level 2. HP: 17/29 MP: 2/2
   150 | D:4      | Noticed a black bear
   307 | D:4      | Reached skill level 1 in Invocations
   307 | D:4      | Reached XP level 3. HP: 27/35 MP: 2/4
   396 | D:4      | Reached skill level 1 in Short Blades
   396 | D:4      | Reached skill level 1 in Long Blades
   396 | D:4      | Reached skill level 1 in Maces & Flails
   396 | D:4      | Reached skill level 1 in Polearms
   396 | D:4      | Reached skill level 1 in Staves
   396 | D:4      | Reached skill level 1 in Slings
   396 | D:4      | Reached skill level 1 in Bows
   396 | D:4      | Reached skill level 1 in Crossbows
   396 | D:4      | Reached skill level 1 in Throwing
   396 | D:4      | Reached skill level 1 in Armour
   396 | D:4      | Reached skill level 1 in Shields
   396 | D:4      | Reached skill level 1 in Unarmed Combat
   396 | D:4      | Reached skill level 1 in Spellcasting
   396 | D:4      | Reached skill level 1 in Evocations
   397 | D:4      | Reached XP level 4. HP: 17/41 MP: 5/5
   755 | D:3      | Noticed an ogre
   809 | D:2      | Reached skill level 1 in Conjurations
   809 | D:2      | Reached skill level 1 in Hexes
   809 | D:2      | Reached skill level 1 in Summonings
   809 | D:2      | Reached skill level 1 in Necromancy
   809 | D:2      | Reached skill level 1 in Translocations
   809 | D:2      | Reached skill level 1 in Transmutations
   809 | D:2      | Reached skill level 1 in Fire Magic
   809 | D:2      | Reached skill level 1 in Ice Magic
   809 | D:2      | Reached skill level 1 in Air Magic
   809 | D:2      | Reached skill level 1 in Earth Magic
   809 | D:2      | Reached skill level 1 in Poison Magic
  1312 | D:1      | Reached XP level 5. HP: 47/47 MP: 6/6
  2098 | D:1      | Found a faded altar of an unknown god.
  2102 | D:1      | Gained mutation: You sometimes lose the ability to read
                  | scrolls when taking damage. [potion of mutation]
  3786 | D:4      | Found a staircase to the Ecumenical Temple.
  3935 | D:4      | Reached XP level 6. HP: 53/53 MP: 8/8
  4282 | D:4      | Killed a black bear
  4283 | D:4      | Reached skill level 5 in Axes
  4283 | D:4      | Reached skill level 5 in Dodging
  4492 | D:4      | HP: 1/53 [orc priest/divine providence (9)]
  4505 | D:4      | HP: 2/53 [orc priest/divine providence (15)]
  4505 | D:4      | Slain by an orc wizard

Illustrated notes

Levels and vault maps discovered:
D:1:      lightli_arrival_quake, layout_basic,
          shapermc_ecumenical_altar_mp_vishouse, minmay_tree_intersection
D:2:      layout_basic
D:3:      layout_loops_ring, kennysheep_generic_room_13
D:4:      layout_cave_pods, temple_green
D:5:      layout_gridville

Skill      XL: |  1  2  3  4  5  6 |
---------------+-------------------+-----
Stealth        | |  9.8
Invocations    | 1 2 |  2.3
Short Blades   | 1 2 |  2.1
Long Blades    | 1 2 |  2.1
Maces & Flails | 1 2 |  2.1
Polearms       | 1 2 |  2.1
Staves         | 1 2 |  2.1
Slings         | 1 2 |  2.1
Bows           | 1 2 |  2.1
Crossbows      | 1 2 |  2.1
Throwing       | 1 2 |  2.1
Armour         | 1 2 |  2.1
Shields        | 1 2 |  2.1
Unarmed Combat | 1 2 |  2.1
Spellcasting   | 1 2 |  2.1
Evocations     | 1 2 |  2.1
Conjurations   | 1 |  1.7
Hexes          | 1 |  1.7
Summonings     | 1 |  1.7
Necromancy     | 1 |  1.7
Translocations | 1 |  1.7
Transmutations | 1 |  1.7
Fire Magic     | 1 |  1.7
Ice Magic      | 1 |  1.7
Air Magic      | 1 |  1.7
Earth Magic    | 1 |  1.7
Poison Magic   | 1 |  1.7
Axes           | 5 |  5.0
Dodging        | 5 |  5.0
Fighting       | |  6.9

Action                   |  1- 3 |  4- 6 || total
-------------------------+-------+-------++-------
Melee: Hand axe          |    29 |   111 ||   140
       Bite              |     1 |    13 ||    14
       War axe           |       |   100 ||   100
Throw: Throwing net      |       |     1 ||     1
Evoke: Wand              |     2 |       ||     2
  Use: Scroll            |     1 |     9 ||    10
       Potion            |     1 |     5 ||     6
 Stab: Sleeping          |       |    31 ||    31
       Distracted        |       |     1 ||     1
Armor: Leather armour    |     4 |    12 ||    16
       Scale mail        |       |    69 ||    69
Dodge: Dodged            |    32 |   110 ||   142
Block: Buckler           |       |     7 ||     7

Table legend: (Time is in decaauts)
 A = Elapsed time spent in this place.
 B = Non-inter-level travel time spent in this place.
 C = Inter-level travel time spent in this place.
 D = Time resting spent in this place.
 E = Time spent auto-exploring this place.
 F = Levels seen in this place.
 G = Mean time per level.
                   A        B        C        D        E       F      G
               +--------+--------+--------+--------+--------+-----+--------+
         Total |   4521 |   4436 |     85 |    929 |   2486 |   5 |  904.2 |
       Dungeon |   4521 |   4436 |     85 |    929 |   2486 |   5 |  904.2 |
               +--------+--------+--------+--------+--------+-----+--------+

Top non-repeatable levels by time:
     D:4: 1867 daAuts
     D:2: 1194 daAuts
     D:1: 1084 daAuts
     D:3: 346 daAuts
     D:5: 27 daAuts
